 Dungeon Crawl Stone Soup version 0.30.0-5-g1a98f26d00 (webtiles) character file.

Game seed: 12610083422733083768

105 Irreverend the Sneak (level 4, -3/21 HPs)
             Began as a Spriggan Enchanter on May 10, 2023.
             Slain by a worm (6 damage)
             ... on level 3 of the Dungeon.
             The game lasted 00:08:38 (3165 turns).

Irreverend the Sneak (Spriggan Enchanter)           Turns: 3165, Time: 00:08:39

Health: -3/21      AC:  2    Str:  4    XL:     4   Next: 54%
Magic:  7/9        EV: 18    Int: 18    God:
Gold:   174        SH:  0    Dex: 15    Spells: 5/8 levels left

rFire   . . .        a - +1 dagger
rCold   . . .        (no shield)
rNeg    . . .        b - +0 robe
rPois   .            (helmet restricted)
rElec   .            (no cloak)
rCorr   .            (gloves unavailable)
SInv    +            (boots unavailable)
Will    .....        (no amulet)
Stlth   +++          (no ring)
HPRegen 0.23/turn    (no ring)
MPRegen 0.11/turn

%: no passive effects
@: very quick
A: very small, no large weapons, unfitting armour, see invisible, speed 3
a: no special abilities


You were on level 3 of the Dungeon.
You visited 1 branch of the dungeon, and saw 3 of its levels.

You collected 174 gold pieces.

Inventory:

Hand Weapons
 a - a +1 dagger (weapon)
Armour
 b - a +0 robe (worn)
Magical Staves
 e - a staff of cold
Scrolls
 d - a scroll of immolation {unknown}
 f - 4 scrolls of identify {unknown}
 g - a scroll of poison {unknown}
Potions
 c - 3 potions of invisibility
 h - a potion of might {unknown}


   Skills:
 * Level 3.2 Short Blades
 + Level 3.7 Dodging
 + Level 5.4 Stealth
 - Level 2.6 Spellcasting
 + Level 4.3 Hexes


You had 5 spell levels left.
You knew the following spells:

 Your Spells              Type           Power      Damage    Failure   Level
a - Confusing Touch       Hex            17%        N/A       9%          3

Your spell library contained the following spells:

 Spells                   Type           Power      Damage    Failure   Level
 Tukima's Dance           Hex            17%        N/A       9%          3
 Ensorcelled Hibernation  Hex/Ice        20%        N/A       11%         2
 Beastly Appendage        Tmut           4%         N/A       17%         1
 Dazzling Flash           Conj/Hex       20%        N/A       22%         3
 Wereblood                Tmut           2%         N/A       26%         2
 Spider Form              Tmut/Pois      2%         N/A       45%         3
 Anguish                  Hex/Necr       5%         N/A       56%         4


Dungeon Overview and Level Annotations

Branches:
Dungeon (3/15)

Altars:
Fedhas

Annotations:
D:3 3 runed translucent doors, TheSexyCheese's ghost, amateur GrFE


Innate Abilities, Weirdness & Mutations

You are very small and have problems with some larger weapons.
You are too small for most types of armour.
You have supernaturally acute eyesight. (SInv)
You cover ground extremely quickly. (Speed+++)


Message History

Things that are here:
a +0 dagger; 4 stones; a kobold corpse
Casting: Confusing Touch (quite dangerous; 9% risk of failure)
Confirm with . or Enter, or press ? or * to list all spells.
Your hands begin to glow red.
The worm bites you.
You barely miss the worm. You hit the worm but do no damage.
The worm appears confused.
You hit the worm.
The worm is lightly wounded.
You hit the worm.
The worm is lightly wounded.
You hit the worm.
The worm is heavily wounded.
The worm misses you.
You hit the worm.
The worm is heavily wounded.
You hit the worm. You punch the worm.
The worm is severely wounded.
You barely miss the worm.
The worm is heavily wounded.
You hit the worm but do no damage.
The worm is heavily wounded.
The worm closely misses you.
You hit the worm but do no damage.
The worm is heavily wounded.
The worm bites you.
You hit the worm but do no damage.
The worm is heavily wounded.
You hit the worm.
The worm is heavily wounded.
The worm seems less confused.
The worm bites you!
Ouch! That really hurt!
* * * LOW HITPOINT WARNING * * *
You hit the worm but do no damage.
The worm is heavily wounded.
You hit the worm but do no damage.
The worm is heavily wounded.
The worm bites you.
You die...

######.....#.................
#..........#.................
#..........#........#........
#........#####......#........
#........†..........#........
#.....[......................
#..................#.....[...
##.........w.......#.........
#..........@................
#.....$.......>..............
#...##......)......##........
#... #####.......#.##........
#.. ......................
#......................
#...........)..........
........................
......................<.


You could see a worm.

Vanquished Creatures
  3 adders
  4 worms
  2 dart slugs (D:1)
  2 ball pythons
  6 bats
  9 endoplasms
  2 giant cockroaches
  4 goblins
  5 hobgoblins
  8 quokkas
  6 frilled lizards
  5 kobolds
  3 rats
59 creatures vanquished.

Notes
Turn   | Place    | Note
-------+----------+-------------------------------------------
     0 | D:1      | Irreverend the Spriggan Enchanter began the quest for the
                  | Orb.
     0 | D:1      | Reached XP level 1. HP: 9/9 MP: 5/5
   101 | D:1      | Reached XP level 2. HP: 13/13 MP: 6/6
   793 | D:1      | Found a blossoming altar of Fedhas.
  1114 | D:1      | Reached XP level 3. HP: 16/16 MP: 8/8
  1172 | D:1      | Learned a level 3 spell: Confusing Touch
  1710 | D:2      | Reached skill level 5 in Stealth
  2213 | D:2      | Reached XP level 4. HP: 18/21 MP: 4/9
  2678 | D:3      | Found a runed translucent gate.
  2678 | D:3      | Found a runed translucent gate.
  2678 | D:3      | Found a runed translucent gate.
  2678 | D:3      | Noticed TheSexyCheese's ghost (amateur GrFE)
  2872 | D:3      | Found a faded altar of an unknown god.
  3165 | D:3      | Slain by a worm

Illustrated notes

Levels and vault maps discovered:
D:1:      sevenhm_arrival_forest_fort_small_6, layout_loops_ring,
          minmay_split_cup_large
D:2:      layout_loops_ring
D:3:      layout_basic, dreamdust_ecumenical_altar_grove, gammafunk_ghost_split

Skill      XL: |  1  2  3  4 |
---------------+-------------+-----
Dodging        | 3 |  3.7
Short Blades   | 2 3 |  3.2
Hexes          | 4 |  4.3
Stealth        | 5 |  5.4
Spellcasting   | |  2.6

Action                     |  1- 3 |  4- 6 || total
---------------------------+-------+-------++-------
  Melee: Dagger            |   137 |    96 ||   233
         Punch             |     1 |     1 ||     2
   Cast: Confusing Touch   |    10 |    12 ||    22
   Stab: Sleeping          |    17 |     2 ||    19
         Confused          |     4 |     5 ||     9
 Armour: Robe              |    10 |     5 ||    15
  Dodge: Dodged            |    68 |    68 ||   136
